 Dungeon Crawl Stone Soup version 0.30-a0-52-g86a8295270 (webtiles) character file.

Game seed: 1010811817478014668

454 frimble the Trooper (level 6, 0/49 HPs)
             Began as a Demonspawn Cinder Acolyte on Sept 6, 2022.
             Was a High Priest of Ignis.
             Splashed by a jelly's acid (7 damage)
             ... on level 5 of the Dungeon.
             The game lasted 00:03:32 (4739 turns).

frimble the Trooper (Demonspawn Cinder Acolyte)     Turns: 4739, Time: 00:03:32

Health: 0/49       AC:  3    Str: 14    XL:     6   Next: 76%
Magic:  10/10      EV: 11    Int: 15    God:    Ignis [*****.]
Gold:   240        SH:  9    Dex: 11    Spells: 8/11 levels left

rFire   + . .      SeeInvis .    k - +1 dagger (venom)
rCold   . . .      Faith    .    (no shield)
rNeg    . . .      Spirit   .    a - +1 robe
rPois   .          Reflect  +    (no helmet)
rElec   .          Harm     .    (no cloak)
rCorr   .          Rampage  .    (no gloves)
Will    .....                    (no boots)
Stlth   +.........               f - amulet of reflection
HPRegen 0.16/turn                (no ring)
MPRegen 0.12/turn                (no ring)

@: no status effects
A: condensation shield, weakness stinger 2
a: Renounce Religion, Fiery Armour, Foxfire Swarm, Rising Flame


You were on level 5 of the Dungeon.
You worshipped Ignis.
Ignis was extremely pleased with you.
You visited 1 branch of the dungeon, and saw 5 of its levels.

You collected 240 gold pieces.

Inventory:

Hand Weapons
 k - a +1 dagger of venom (weapon)
Armour
 a - a +1 robe (worn)
Jewellery
 f - an amulet of reflection (around neck)
Scrolls
 b - a scroll of amnesia
 e - a scroll of summoning
 g - 2 scrolls of teleportation
 h - a scroll of enchant armour
Potions
 d - 2 potions of brilliance
 i - 4 potions of curing
 j - a potion of cancellation {unknown}
 l - a potion of mutation {unknown}


   Skills:
 + Level 4.6 Fighting
 + Level 2.0 Short Blades
 - Level 3.5 Unarmed Combat
 + Level 3.2 Spellcasting
 + Level 4.2 Fire Magic


You had 8 spell levels left.
You knew the following spells:

 Your Spells              Type           Power      Damage    Failure   Level
a - Scorch                Fire           30%        2d7       5%          2
b - Apportation           Tloc           4%         N/A       21%         1

Your spell library contained the following spells:

 Spells                   Type           Power      Damage    Failure   Level
 Necrotise                Necr           8%         1d4       21%         1
 Sting                    Tmut/Pois      8%         1d3       21%         1
 Summon Small Mammal      Summ           8%         N/A       21%         1
 Poisonous Vapours        Pois/Air       4%         N/A       30%         2
 Sublimation of Blood     Necr           2%         N/A       30%         2
 Wereblood                Tmut           2%         N/A       30%         2
 Olgreb's Toxic Radiance  Pois           2%         N/A       89%         4
 Summon Hydra             Summ           1%         N/A       100%        7


Dungeon Overview and Level Annotations

Branches:
Dungeon (5/15)             Temple (0/1) D:4

Altars:
Ashenzari

Annotations:
D:3 1 runed translucent door, Lance11888's ghost, weakling OpTm


Innate Abilities, Weirdness & Mutations

A meltable shield of frost defends you. (SH +4)
You have a tail ending in a sharp stinger.


Message History

A quokka comes into view.
You hit the scorpion.
The scorpion is heavily wounded.
You feel very sick.
Something tries to affect you, but you resist.
The scorpion stings you. The orc hits you with a +0 club.
You are too injured to fight recklessly!
You are too injured to fight recklessly!
You are too injured to fight recklessly!
You are too injured to fight recklessly!
You are too injured to fight recklessly!
You are too injured to fight recklessly!
The scorpion attacks as you move away! You block the scorpion's attack.
You feel very sick.
You hear a slurping noise.
The scorpion attacks as you move away! The scorpion stings you.
You feel sick.
Found a ring mail.
You feel sick. The jelly barely misses you. The scorpion barely misses you.
You feel sick.
You kill the scorpion!
The jelly hits you.
You are splashed with acid.
* * * LOW HITPOINT WARNING * * *
Your Short Blades skill increases to level 2!
You feel sick. The jelly completely misses you.
You feel sick.
Okay, then.
Okay, then.
You aren't carrying any items that you can evoke.
Unknown command.
You feel better. The jelly barely misses you.
The jelly attacks as you move away! The jelly hits you.
You are splashed with acid!
* * * LOW HITPOINT WARNING * * *
The jelly attacks as you move away! The jelly hits you but does no damage.
The jelly attacks as you move away! The jelly hits you but does no damage.
There is a stone staircase leading up here.
The jelly hits you.
* * * LOW HITPOINT WARNING * * *
You are splashed with acid!
You die...

....o.?.#
....o.#†#
.....##o#
......o.#
.....##r#
...[ #o#
##. #o#
.. #J# .
#@# ###


You could see a jelly, 2 orc wizards, 2 orcs and a quokka.

Vanquished Creatures
  An ogre (D:3)
  A scorpion (D:5)
  A howler monkey (D:4)
  3 hounds (D:4)
  Jessica (D:3)
  2 iguanas (D:4)
  4 adders
  2 dart slugs
  4 orcs
  8 endoplasms
  2 giant cockroaches
  9 goblins
  7 hobgoblins
  2 quokkas (D:2)
  3 ball pythons
  9 bats
  3 frilled lizards
  3 kobolds
  6 rats
71 creatures vanquished.

Vanquished Creatures (others)
  A plant (D:2)
1 creature vanquished.

Grand Total: 72 creatures vanquished

Notes
Turn   | Place    | Note
-------+----------+-------------------------------------------
     0 | D:1      | frimble the Demonspawn Cinder Acolyte began the quest for
                  | the Orb.
     0 | D:1      | Reached XP level 1. HP: 18/18 MP: 2/2
   602 | D:1      | Gained mutation: A meltable shield of frost defends you.
                  | (SH +4) [demonic ancestry]
   602 | D:1      | Reached XP level 2. HP: 24/24 MP: 3/3
  1288 | D:2      | Learned a level 2 spell: Scorch
  1730 | D:2      | Found a faded altar of an unknown god.
  1775 | D:2      | Gained mutation: You have a small tail. [demonic ancestry]
  1775 | D:2      | Reached XP level 3. HP: 29/29 MP: 2/5
  2613 | D:2      | Learned a level 1 spell: Apportation
  2819 | D:3      | Noticed an ogre
  2827 | D:3      | Killed an ogre
  2828 | D:3      | Gained mutation: You have a tail ending in a sharp stinger.
                  | [demonic ancestry]
  2828 | D:3      | Reached XP level 4. HP: 7/37 MP: 1/7
  2828 | D:3      | Reached XP level 5. HP: 9/42 MP: 1/8
  3248 | D:3      | Noticed Jessica
  3256 | D:3      | Killed Jessica
  3439 | D:3      | Found a runed translucent door.
  3584 | D:3      | Noticed Lance11888's ghost (weakling OpTm)
  3987 | D:4      | Reached skill level 1 in Short Blades
  4036 | D:4      | Found a staircase to the Ecumenical Temple.
  4227 | D:4      | Reached XP level 6. HP: 42/48 MP: 8/10
  4296 | D:4      | Found a broken altar of Ashenzari.
  4713 | D:5      | Entered Level 5 of the Dungeon
  4739 | D:5      | Splashed by a jelly's acid

Illustrated notes

Levels and vault maps discovered:
D:1:      roderic_crossed_star, layout_loops_ring, amethyst_killhole
D:2:      layout_basic, shapermc_ecumenical_altar_mp_ritualfount
D:3:      layout_basic, ebering_ghost_sewer_d, uniq_jessica
D:4:      layout_basic, mainiacjoe_overflow_concentric_impassable,
          minmay_temple_entry_glass
D:5:      layout_basic, minitemple

Skill      XL: |  1  2  3  4  5  6 |
---------------+-------------------+-----
Unarmed Combat | 3 |  3.5
Fire Magic     | 3 4 |  4.2
Spellcasting   | 2 3 |  3.2
Fighting       | 4 |  4.6
Short Blades   | 1 2 |  2.0

Action                   |  1- 3 |  4- 6 || total
-------------------------+-------+-------++-------
Melee: Unarmed           |   121 |    19 ||   140
       Punch             |     4 |     2 ||     6
       Tailslap          |     1 |     9 ||    10
       Dagger            |       |    74 ||    74
 Cast: Scorch            |    14 |     9 ||    23
Invok: Fiery Armour      |     1 |       ||     1
  Use: Scroll            |     5 |     5 ||    10
       Potion            |       |     1 ||     1
Armor: Robe              |    22 |    24 ||    46
Dodge: Dodged            |    64 |    44 ||   108
Block: Other             |    17 |    30 ||    47

Table legend: (Time is in decaauts)
 A = Elapsed time spent in this place.
 B = Non-inter-level travel time spent in this place.
 C = Inter-level travel time spent in this place.
 D = Time resting spent in this place.
 E = Time spent auto-exploring this place.
 F = Levels seen in this place.
 G = Mean time per level.
                   A        B        C        D        E       F      G
               +--------+--------+--------+--------+--------+-----+--------+
         Total |   4726 |   4601 |    125 |     30 |   3981 |   5 |  945.2 |
       Dungeon |   4726 |   4601 |    125 |     30 |   3981 |   5 |  945.2 |
               +--------+--------+--------+--------+--------+-----+--------+

Top non-repeatable levels by time:
     D:2: 1621 daAuts
     D:1: 1246 daAuts
     D:3: 1061 daAuts
     D:4: 771 daAuts
     D:5: 25 daAuts
